 Dungeon Crawl Stone Soup version 0.19-a0-994-g3c636f0 (webtiles) character file.

1774 4thArraOfDagon the Grappler (level 8, -6/99 HPs)
             Began as a Troll Abyssal Knight on July 16, 2016.
             Was a Believer of Lugonu.
             Mangled by a troll (7 damage)
             ... on level 8 of the Dungeon.
             The game lasted 00:10:30 (1852 turns).

4thArraOfDagon the Grappler (Troll Abyssal Knight)  Turns: 1852, Time: 00:10:31

Health: -6/99      AC: 24    Str: 21    XL:     8   Next: 80%
Magic:  10/10      EV:  1    Int: 15    God:    Lugonu [**....]
Gold:   106        SH:  0    Dex:  7    Spells: 0 memorised, 7 levels left

rFire  . . .     SeeInvis .       - Unarmed
rCold  . . .     Gourm    +     (armour currently unavailable)
rNeg   + + +     Faith    .     (no shield)
rPois  +         Spirit   .     (helmet currently unavailable)
rElec  .         Dismiss  .     (cloak currently unavailable)
rCorr  .         Reflect  .     (gloves unavailable)
SustAt .         Harm     .     (boots unavailable)
MR     .....     Clarity  +     p - amulet of regeneration
Stlth  +......... NoTele   +    (no ring)
                                k - ring of positive energy

@: confused, brilliant, tree-form, very slightly contaminated, hasted, very
quick, not resistant to hostile enchantments, very unstealthy
A: unfitting armour, (claws 0), (camouflage 0), clarity, clumsy 1, fast
metabolism 3, frail 1, gourmand, mutation resistance 1, regeneration 2, (shaggy
fur 0), (tough skin 0)
a: Depart the Abyss, Bend Space, Renounce Religion


You were on level 8 of the Dungeon.
You worshipped Lugonu.
Lugonu was pleased with you.
You were very full.
You were a tree.
You visited 1 branch of the dungeon, and saw 8 of its levels.
You visited the Abyss 1 time.
You also visited: Ossuary.

You collected 172 gold pieces.
You spent 66 gold pieces at shops.

Inventory:

Armour
 a - a +0 robe (melded)
Jewellery
 k - a ring of positive energy (left branch)
 p - an amulet of regeneration (around neck)
Wands
 d - a wand of digging (5/24)
 s - a wand of digging (1/24)
Scrolls
 e - 3 scrolls of blinking
 i - a scroll of vulnerability
 j - a scroll of remove curse
 l - a scroll of random uselessness
 q - a scroll of amnesia
 t - a scroll of enchant weapon {unknown}
 u - 4 scrolls of immolation
Potions
 f - 4 potions of curing
 m - 2 potions of flight
 n - 2 potions of lignification
 r - a potion of degeneration
Comestibles
 b - 3 bread rations
 g - 3 slices of pizza
 h - a meat ration


   Skills:
 - Level 2.4 Fighting
 + Level 5.1 Dodging
 * Level 8.3 Unarmed Combat
 + Level 5.2 Invocations


You had 7 spell levels left.
You didn't know any spells.

Dungeon Overview and Level Annotations

Branches:
Dungeon (8/15)             Temple (0/1) D:4
   Lair: D:8-11

Altars:
Ashenzari
Pakellas
Qazlal
Trog

Shops:
D:5 ?!}%

Annotations:
D:4 Amnesiac's ghost, novice OgNe


Innate Abilities, Weirdness & Mutations

You are too large for most types of armour.
((You have claws for hands.))
Your metabolism is lightning-fast.
You like to eat raw meat.
You heal very quickly.
((You are covered in fur. (AC +1)))
((You have very tough skin. (AC +2)))
((Your skin blends seamlessly with your surroundings (Stealth++).))
You possess an exceptional clarity of mind.
You are clumsy. (Dex -2)
You are frail. (-10% HP)
You are somewhat resistant to further mutation.


Message History

Okay, then.
You barely miss the troll.
The giant frog hits you but does no damage.
The centaur warrior hits you but does no damage.
Unknown command.
Okay, then.
You are confused.
You feel invigorated.
The giant frog hits you but does no damage.
The centaur warrior hits you but does no damage.
The troll bites you but does no damage.
The troll claws you but does no damage. x2
The crimson imp blinks!
You pummel the troll!!
The troll is severely wounded.
The giant frog hits you.
* * * LOW HITPOINT WARNING * * *
The centaur warrior hits you!
* * * LOW HITPOINT WARNING * * *
The troll bites you!
You die...

......###.###.#
#..>..#####.#..#..#.#
#.....# #..#...#..#
#.....###..#...#...#. #.
......#...#...#... #.
....#...#...#...#. ..#
#.##.#...#...#...#...
#...#.#T...#...#...#...#.
#....§oF♣#...#...#...#...
#..5###c...#...#...#...#.
§.# #..#...#...#...#...
#....#...#...#...#.
##.#...#...#...#...
#...#...#...#...#.
#.#...#...#...#...
#...#...#...#...#.
#.#...#...#...#...


You could see a centaur warrior, a troll, a giant frog, a crimson imp and an
orc.

Vanquished Creatures
  A hill giant (D:8)
  A hungry ghost (D:7)
  A chaos spawn (Abyss:1)
  A sky beast (D:5)
  2 ogres
  A centaur (D:8)
  A giant frog (D:6)
  3 scorpions
  2 howler monkeys
  A human zombie (Ossuary)
  2 centaur zombies (Ossuary)
  A hound (D:6)
  Jessica (D:2)
  An iguana (D:5)
  3 worker ants
  3 orc wizards
  4 mummies (Ossuary)
  A howler monkey skeleton (D:5)
  An adder (D:5)
  An ufetubus (Abyss:1)
  An adder skeleton (D:5)
  A dart slug (D:4)
  11 orcs
  2 giant cockroaches
  A goblin (D:3)
  7 jackals
  A quokka (D:4)
  3 giant newts
  A goblin zombie (Ossuary)
  A hobgoblin zombie (D:4)
  2 kobold zombies (Ossuary)
  4 orc zombies
67 creatures vanquished.

Notes
Turn   | Place    | Note
-------+----------+-------------------------------------------
     0 | Abyss:1  | 4thArraOfDagon the Troll Abyssal Knight began the quest for the Orb.
     0 | Abyss:1  | Reached XP level 1. HP: 22/22 MP: 1/1
    48 | Abyss:1  | Noticed a chaos spawn
    54 | Abyss:1  | Killed a chaos spawn
    54 | Abyss:1  | Reached skill level 3 in Unarmed Combat
    54 | Abyss:1  | Reached XP level 2. HP: 25/29 MP: 2/2
    54 | Abyss:1  | Reached XP level 3. HP: 31/36 MP: 3/3
    54 | Abyss:1  | Reached XP level 4. HP: 38/44 MP: 4/4
   173 | Abyss:1  | Noticed a hellwing
   226 | Abyss:1  | Noticed an orange demon
   228 | D:1      | Escaped the Abyss
   240 | D:2      | Noticed Jessica
   245 | D:2      | Killed Jessica
   245 | D:2      | Reached skill level 4 in Unarmed Combat
   245 | D:2      | Reached XP level 5. HP: 50/50 MP: 4/6
   257 | D:2      | Found a bloodstained altar of Trog.
   280 | D:4      | Noticed Amnesiac's ghost (novice OgNe)
   374 | D:4      | Reached * piety under Lugonu
   405 | D:5      | Entered Level 5 of the Dungeon
   417 | D:5      | Found Ciluda's Distillery.
   441 | D:5      | Bought a potion of curing for 42 gold pieces
   446 | D:5      | Found Meerrai's Gadget Shoppe.
   446 | D:5      | Noticed a sky beast
   453 | D:5      | Killed a sky beast
   460 | D:5      | Gained mutation: You are clumsy. (Dex -2) [mutagenic meat]
   463 | D:5      | Gained mutation: You possess an exceptional clarity of mind. [mutagenic meat]
   466 | D:5      | Gained mutation: Your skin changes colour to match your surroundings (Stealth+). [mutagenic meat]
   469 | D:5      | Gained mutation: Your muscles are strong. (Str +2) [mutagenic meat]
   528 | D:5      | Reached XP level 6. HP: 58/59 MP: 7/7
   596 | D:5      | Found Ythenad's Magic Scroll Emporium.
   608 | D:5      | Bought a scroll of identify for 24 gold pieces
   617 | D:4      | Found a staircase to the Ecumenical Temple.
   641 | D:4      | Reached skill level 5 in Unarmed Combat
   859 | D:4      | Reached XP level 7. HP: 46/66 MP: 8/8
  1132 | D:5      | Found Ycacril's Food Shop.
  1146 | D:5      | Reached ** piety under Lugonu
  1157 | D:5      | Reached skill level 6 in Unarmed Combat
  1160 | D:5      | Found an oddly glowing altar of Pakellas.
  1340 | D:6      | Found a bloodstained altar of Trog.
  1344 | D:6      | Found a stormy altar of Qazlal.
  1444 | D:6      | Found a shattered altar of Ashenzari.
  1453 | D:6      | Found a sand-covered staircase.
  1462 | Ossuary  | Entered an ossuary
  1542 | Ossuary  | Reached XP level 8. HP: 74/74 MP: 10/10
  1547 | Ossuary  | Reached skill level 7 in Unarmed Combat
  1656 | D:6      | Gained mutation: Your skin blends seamlessly with your surroundings (Stealth++). [potion of mutation]
  1656 | D:6      | Gained mutation: You are somewhat resistant to further mutation. [potion of mutation]
  1657 | D:6      | Gained mutation: You are frail. (-10% HP) [potion of mutation]
  1658 | D:6      | Lost mutation: Your muscles are strong. (Str +2) [potion of mutation]
  1831 | D:8      | Noticed a centaur warrior
  1831 | D:8      | Noticed a hill giant
  1837 | D:8      | Noticed a troll
  1846 | D:8      | Killed a hill giant
  1846 | D:8      | Reached skill level 5 in Dodging
  1846 | D:8      | Reached skill level 8 in Unarmed Combat
  1846 | D:8      | Reached skill level 5 in Invocations
  1852 | D:8      | HP: 1/99 [centaur warrior (9)]
  1852 | D:8      | Mangled by a troll

Vault maps used:
D:1:      dpeg_arrival_castle
D:2:      trog_three_pillars_becter, uniq_jessica
D:3:      minmay_goblin_kobold_castle, fiery_altar_vehumet, uniq_iyjb
D:4:      first_bread, minmay_mini_ossuary
D:5:      serial_shops, nicolae_shop_temple_entry_statues_fountains,
          kennysheep_little_box, shop, nicolae_shop_stone,
          nicolae_shop_temple_entry_statues_fountains, johnstein_pakellas_dig
D:6:      lemuel_crystal_altar, nicolae_qazlal_eye_of_the_storm,
          lightli_ossuary_entry_decrepit_ruins, basic_altar,
          nicolae_ru_awakened_eye
D:7:      gammafunk_temple_overflow_claw, gammafunk_temple_overflow_statue
D:8:      minmay_blocky_corners, minmay_lair_entry_grove, serial_shops, shop,
          hex_large
Abyss:1:  guppyfry_abyss_exit_imp_island
Ossuary:  ossuary_crypta

Skill      XL: |  1  2  3  4  5  6  7  8 |
---------------+-------------------------+-----
Dodging        | 2 3 4 5 |  5.1
Unarmed Combat | 3 4 5 6 8 |  8.3
Invocations    | 2 3 4 5 |  5.2
Fighting       | |  2.4

Action                   |  1- 3 |  4- 6 |  7- 9 || total
-------------------------+-------+-------+-------++-------
Melee: Unarmed           |     4 |    82 |   152 ||   238
       Punch             |     1 |     1 |     3 ||     5
Invok: Depart the Abyss  |       |     1 |       ||     1
  Use: Scroll            |       |     1 |    12 ||    13
       Potion            |       |       |    10 ||    10
 Stab: Sleeping          |       |     2 |     2 ||     4
  Eat: Chunk             |       |    13 |    17 ||    30
Armor: Robe              |       |    18 |    27 ||    45
       Skin              |       |       |    38 ||    38
Dodge: Dodged            |     1 |    40 |    61 ||   102
